 Dungeon Crawl Stone Soup version 0.28-b1-70-g80dc712255 (webtiles) character file.

Game seed: 13826273924817812173

33 krispywithak the Chopper (level 3, -1/33 HPs)
             Began as a Hill Orc Cinder Acolyte on Feb 4, 2022.
             Was a High Priest of Ignis.
             Killed by divine providence
             ... invoked by an orc priest
              (12 damage)
             ... on level 3 of the Dungeon.
             The game lasted 00:03:36 (3086 turns).

krispywithak the Chopper (Hill Orc Cinder Acolyte)  Turns: 3086, Time: 00:03:36

Health: -1/33      AC:  5    Str: 18    XL:     3   Next: 29%
Magic:  4/4        EV: 10    Int: 14    God:    Ignis [*****.]
Gold:   29         SH:  0    Dex:  6    Spells: 4/4 levels left

rFire   + . .      SeeInvis .   e - +0 great sword
rCold   . . .      Faith    .   (shield currently unavailable)
rNeg    + . .      Spirit   .   d - +0 ring mail
rPois   .          Reflect  .   (no helmet)
rElec   .          Harm     .   (no cloak)
rCorr   .          Rampage  .   (no gloves)
Will    .....                   (no boots)
Stlth   ..........              (no amulet)
HPRegen 0.11/turn               j - ring of positive energy
MPRegen 0.09/turn               (no ring)

@: no status effects
A: no striking features
a: Renounce Religion, Convert to Beogh, Fiery Armour, Foxfire Swarm


You were on level 3 of the Dungeon.
You worshipped Ignis.
Ignis was extremely pleased with you.
You visited 1 branch of the dungeon, and saw 3 of its levels.

You collected 29 gold pieces.

Inventory:

Hand Weapons
 a - a -1 hand axe of flaming
 e - a +0 great sword (weapon)
Armour
 b - a +0 robe
 d - a +0 ring mail (worn)
Jewellery
 j - a ring of positive energy (left hand)
Scrolls
 c - a scroll of noise {unknown}
 f - a scroll of fear {unknown}
 h - a scroll of fog {unknown}
 l - 3 scrolls of identify {unknown}
Potions
 g - 2 potions of ambrosia {unknown}
 i - a potion of invisibility {unknown}
 k - a potion of cancellation {unknown}


   Skills:
 + Level 4.1 Fighting
 + Level 1.0 Long Blades
 + Level 4.4 Axes
 + Level 0.4 Armour
 + Level 0.2 Dodging
 + Level 1.0 Spellcasting
 + Level 3.6 Fire Magic


You had 4 spell levels left.
You didn't know any spells.
Your spell library contained the following spells:

 Spells                   Type           Power      Damage    Failure   Level
 Scorch                   Fire           20%        2d6       16%         2


Dungeon Overview and Level Annotations

Branches:
Dungeon (3/15)

Altars:


Message History

Beogh smites you!
You closely miss the orc priest.
The orc priest shouts, "Beogh is our master!
Accept the truth or die!"
The orc priest looks braver for a moment.
The orc priest hits you but does no damage.
Activating: Foxfire Swarm
Press: ? - help, Dir - look around, f - activate Flames leap up around you!
The orc priest hits you but does no damage.
The orc priest hits your foxfire with a +0 hand axe.
An orc priest is nearby!
Unknown command.
Your foxfire dissipates!
The foxfire hits the orc priest but does no damage.
Your foxfire dissipates!
The foxfire hits the orc priest.
The orc priest is moderately wounded.
What are your orders? t - Shout!
Orders for allies: a - Attack new target. r - Retreat! s - Stop attacking. g - Guard the area. f - Follow me.
Anything else - Cancel.
Okay, then.
You hit the orc priest.
The orc priest is heavily wounded.
The orc priest hits you with a +0 hand axe.
You barely miss the orc priest.
The orc priest is heavily wounded.
The orc priest threatens, "By the altar or by the axe, you will meet Beogh!"
The orc priest hits you with a +0 hand axe. x2
You closely miss the orc priest.
The orc priest is heavily wounded.
The orc priest shouts, "Surrender to Beogh and we'll let you live!"
The orc priest miscasts a cantrip.
The orc priest barely misses you.
The orc priest casts a cantrip, but nothing happens.
The orc priest mumbles some strange prayers to Beogh against you.
Beogh smites you!
You die...

..### #.. ....##
...## ..... ..###
...# .... ......
...# #..#
###...###.. #..#
#G#...#G#.# #..#
###...###.######..#
................@.#
...._......######o#
...........# #.#
###...###..#
#.#######.#
#G#...#G#..#
#..........
###...###.##
#########.#
(.........#
.#.##############
......[.........#


You could see an orc priest.

Vanquished Creatures
  An adder (D:2)
  2 ball pythons (D:1)
  An endoplasm (D:2)
  A giant cockroach (D:1)
  3 goblins (D:1)
  4 hobgoblins (D:1)
  2 jackals (D:3)
  A kobold (D:1)
  A quokka (D:1)
  A bat (D:2)
  2 frilled lizards
  2 rats (D:1)
21 creatures vanquished.

Vanquished Creatures (others)
  17 foxfires
17 creatures vanquished.

Grand Total: 38 creatures vanquished

Notes
Turn   | Place    | Note
-------+----------+-------------------------------------------
     0 | D:1      | krispywithak the Hill Orc Cinder Acolyte began the quest
                  | for the Orb.
     0 | D:1      | Reached XP level 1. HP: 19/19 MP: 2/2
   741 | D:1      | Reached XP level 2. HP: 27/27 MP: 3/3
  2162 | D:1      | You fall into a shaft and drop 1 floor!
  2220 | D:2      | Reached XP level 3. HP: 17/33 MP: 4/4
  2962 | D:3      | Reached skill level 1 in Long Blades
  3033 | D:3      | Found a faded altar of an unknown god.
  3034 | D:3      | Noticed an eye of devastation
  3041 | D:3      | Noticed a shining eye
  3041 | D:3      | Noticed a shining eye
  3041 | D:3      | Noticed a golden eye
  3086 | D:3      | Killed from afar by an orc priest

Illustrated notes

Levels and vault maps discovered:
D:1:      heliophobic_arrival_henge, layout_basic, item_on_display_a
D:2:      layout_loops_ring
D:3:      layout_loops_ring, mainiacjoe_overflow_tiny_flanked,
          okawaru_metal_pillars_1_2, hellmonk_ecumenical_altar_watching_god,
          uniq_terence

Skill      XL: |  1  2  3 |
---------------+----------+-----
Fighting       | 4 |  4.1
Long Blades    | 1 |  1.0
Axes           | |  4.4
Armour         | |  0.4
Dodging        | |  0.2
Spellcasting   | |  1.0
Fire Magic     | |  3.6

Action                   || total
-------------------------++-------
Melee: Hand axe          ||    15
       Great sword       ||    63
Invok: Foxfire Swarm     ||     2
       Rising Flame      ||     1
Armor: Ring mail         ||    40
       Robe              ||     2
Dodge: Dodged            ||    70
